 Dungeon Crawl Stone Soup version 0.30-a0-304-gdc4b735fe1 (webtiles) character file.

Game seed: 11800341775607060098

149 Uniporpoise the Cudgeller (level 5, -4/38 HPs)
             Began as a Gnoll Reaver on Oct 21, 2022.
             Was a Believer of Hepliaklqana.
             Slain by Pikel
             ... wielding a +0 whip of flaming
              (7 damage)
             ... on level 3 of the Dungeon.
             The game lasted 00:15:53 (2724 turns).

Uniporpoise the Cudgeller (Gnoll Reaver)            Turns: 2724, Time: 00:15:54

Health: -4/38      AC:  6    Str: 14    XL:     5   Next: 31%
Magic:  6/12       EV: 17    Int: 14    God:    Hepliaklqana [**....]
Gold:   137        SH:  0    Dex: 13    Spells: 5/14 levels left

rFire   x . .      SeeInvis .    A - +0 flail
rCold   . . .      Faith    .    (no shield)
rNeg    + . .      Spirit   .    b - +0 leather armour
rPois   .          Reflect  .    (no helmet)
rElec   .          Harm     .    (no cloak)
rCorr   .          Rampage  .    u - +1 pair of gloves of the Trout {rF- Str+2 Dex+3 Stlth+}
Will    .....                    l - +0 pair of boots
Stlth   +++.......               j - amulet of regeneration
HPRegen 1.06/turn                q - ring of positive energy
MPRegen 0.13/turn                D - +4 ring of evasion

@: attractive
A: reduced essence, fangs 1, strong nose, distributed training
a: Renounce Religion, Recall Ancestor, Ancestor Identity


You were on level 3 of the Dungeon.
You worshipped Hepliaklqana.
Hepliaklqana was pleased with you.
You visited 1 branch of the dungeon, and saw 4 of its levels.

You collected 137 gold pieces.

Inventory:

Hand Weapons
 v - a +0 sling
 A - a +0 flail (weapon)
Missiles
 a - 4 poisoned darts
 o - 2 atropa-tipped darts (quivered)
Armour
 b - a +0 leather armour (worn)
 e - a +0 plate armour
 l - a +0 pair of boots (worn)
 u - the +1 pair of gloves of the Trout (worn) {rF- Str+2 Dex+3 Stlth+}
   (You found it on level 2 of the Dungeon)

   Str:       It affects your strength (+2).
   Dex:       It affects your dexterity (+3).
   rF:        It makes you vulnerable to fire.
   Stlth:     It makes you more stealthy.
Jewellery
 g - a ring of see invisible
 j - an amulet of regeneration (around neck)
 q - a ring of positive energy (left hand)
 D - a +4 ring of evasion (right hand)
Wands
 C - a wand of quicksilver (6)
Scrolls
 d - a scroll of enchant weapon {unknown}
 f - a scroll of poison {unknown}
 h - 2 scrolls of acquirement {unknown}
 m - a scroll of fear {unknown}
 p - a scroll of summoning {unknown}
 r - 2 scrolls of magic mapping {unknown}
 s - 2 scrolls of brand weapon
 t - a scroll of immolation {unknown}
 w - a scroll of blinking {unknown}
 x - 2 scrolls of teleportation {unknown}
 y - a scroll of identify {unknown}
 z - a scroll of amnesia {unknown}
 B - a scroll of enchant armour {unknown}
Potions
 c - 3 potions of attraction
 i - a potion of ambrosia {unknown}
 k - a potion of lignification {unknown}
 n - a potion of berserk rage {unknown}


   Skills:
 + Level 4.8 Fighting
 + Level 1.5 Short Blades
 + Level 1.5 Long Blades
 + Level 1.5 Axes
 + Level 6.7 Maces & Flails
 + Level 1.5 Polearms
 + Level 1.5 Staves
 + Level 1.5 Ranged Weapons
 + Level 1.5 Throwing
 + Level 1.5 Armour
 + Level 4.8 Dodging
 + Level 1.5 Stealth
 + Level 1.5 Shields
 + Level 1.5 Unarmed Combat
 + Level 5.2 Spellcasting
 + Level 5.5 Conjurations
 + Level 1.2 Hexes
 + Level 1.2 Summonings
 + Level 1.2 Necromancy
 + Level 1.2 Translocations
 + Level 1.2 Transmutations
 + Level 1.2 Fire Magic
 + Level 1.2 Ice Magic
 + Level 1.2 Air Magic
 + Level 1.2 Earth Magic
 + Level 1.2 Poison Magic
 + Level 1.7 Invocations
 + Level 1.5 Evocations


You had 5 spell levels left.
You knew the following spells:

 Your Spells              Type           Power      Damage    Failure   Level
a - Kiss of Death         Conj/Necr      52%        2d9       5%          1
b - Momentum Strike       Conj/Tloc      26%        3d8       8%          2
c - Hailstorm             Conj/Ice       13%        3d5       16%         3
d - Mephitic Cloud        Conj/Pois/Air  11%        N/A       22%         3

Your spell library contained the following spells:

 Spells                   Type           Power      Damage    Failure   Level
 Static Discharge         Conj/Air       26%        2-4/arc   8%          2
 Cigotuvi's Dreadful Rot  Necr/Pois/Air  14%        N/A       19%         2
 Poisonous Vapours        Pois/Air       14%        N/A       19%         2
 Vhi's Electric Charge    Tloc/Air       14%        N/A       36%         3
 Arcjolt                  Conj/Air       6%         1d16      82%         5
 Lightning Bolt           Conj/Air       6%         1d18      82%         5


Dungeon Overview and Level Annotations

Branches:
Dungeon (4/15)
 Temple: D:4-7

Altars:
Gozag
Hepliaklqana

Annotations:
D:3 Pikel


Innate Abilities, Weirdness & Mutations

Your life essence is reduced to manifest your ancestor. (-10% HP)
You have very sharp teeth.
Your uncanny sense of smell can sniff out nearby items.
Your experience applies equally to all skills.


Message History

You hit Pikel.
Pikel is moderately wounded.
You are no longer robbed of momentum.
A slug dart appears from out of your range of vision.
Big Brad blocks the slug dart.
A hound comes into view.
The endoplasm hits you but does no damage.
Pikel hits you with a +0 whip of flaming!
Pikel burns you.
Big Brad hits the lemure with a +0 flail!
Pikel barely misses you.
The lemure hits the lemure but does no damage.
The orc priest miscasts a cantrip.
The endoplasm closely misses you.
The lemure barely misses Big Brad.
A slug dart appears from out of your range of vision.
The slug dart hits Big Brad but does no damage.
Big Brad hits the lemure with a +0 flail!
You climb upwards.
There is a stone staircase leading down here.
Unknown command.
Okay, then.
The endoplasm hits you but does no damage.
It was a potion of attraction.
You feel attractive to monsters.
Pikel hits you with a +0 whip of flaming.
Pikel burns you.
The endoplasm hits you but does no damage.
Okay, then.
Okay, then.
Okay, then.
You closely miss Pikel. You bite Pikel.
Pikel is moderately wounded.
Pikel hits you with a +0 whip of flaming.
Pikel burns you.
You hit Pikel but do no damage. Your bite misses Pikel.
Pikel is moderately wounded.
Pikel hits you with a +0 whip of flaming!
* * * LOW HITPOINT WARNING * * *
Pikel burns you!
You die...

...........#######...............
....<.....................#...#.#
.................#.#............#
............####................#
..........).########.......†....#
.............##...........<.)....
##......####..#.##......###......
######## ##......#....###......
#####...@................
#.....###K...)..###......
#.###.##>J##....# #####..
#.........##....# ###
###........########
###...........##
####..............# #######
#....#............# ##.....##
#....#............# ##.......##


You could see Pikel and an endoplasm.

Vanquished Creatures
  Terence (D:3)
  4 adders (D:2)
  A worm (D:3)
  2 dart slugs (D:2)
  5 ball pythons
  An endoplasm (D:2)
  2 giant cockroaches
  2 goblins (D:1)
  6 hobgoblins
  A quokka (D:2)
  6 bats
  4 kobolds
  3 rats (D:1)
38 creatures vanquished.

Vanquished Creatures (collateral kills)
  2 adders (D:3)
  A dart slug (D:4)
  2 orcs (D:3)
  2 endoplasms
  A giant cockroach (D:3)
  2 goblins (D:1)
  A hobgoblin (D:3)
  4 kobolds
  A quokka (D:3)
  2 rats
18 creatures vanquished.

Vanquished Creatures (others)
  An adder (D:3)
  A bat (D:1)
  A giant cockroach (D:2)
  2 goblins
  3 hobgoblins
  A frilled lizard (D:1)
  2 rats
11 creatures vanquished.

Grand Total: 67 creatures vanquished

Notes
Turn   | Place    | Note
-------+----------+-------------------------------------------
     0 | D:1      | Uniporpoise the Gnoll Reaver began the quest for the Orb.
     0 | D:1      | Reached XP level 1. HP: 20/20 MP: 6/6
    18 | D:1      | You fall into a shaft and drop 1 floor!
    34 | D:2      | Reached XP level 2. HP: 6/24 MP: 4/7
   152 | D:2      | Learned a level 2 spell: Momentum Strike
   234 | D:2      | Reached skill level 5 in Spellcasting
   234 | D:2      | Reached XP level 3. HP: 22/31 MP: 5/9
   365 | D:1      | Reached skill level 1 in Invocations
   368 | D:1      | Found a faded altar of an unknown god.
   391 | D:1      | Prayed at the altar of an unknown god.
   391 | D:1      | Became a worshipper of Hepliaklqana the Forgotten
   391 | D:1      | Reached * piety under Hepliaklqana
   543 | D:1      | Learned a level 3 spell: Hailstorm
  1015 | D:1      | Reached skill level 1 in Short Blades
  1015 | D:1      | Reached skill level 1 in Long Blades
  1015 | D:1      | Reached skill level 1 in Axes
  1015 | D:1      | Reached skill level 1 in Polearms
  1015 | D:1      | Reached skill level 1 in Staves
  1015 | D:1      | Reached skill level 1 in Ranged Weapons
  1015 | D:1      | Reached skill level 1 in Throwing
  1015 | D:1      | Reached skill level 1 in Armour
  1015 | D:1      | Reached skill level 1 in Stealth
  1015 | D:1      | Reached skill level 1 in Shields
  1015 | D:1      | Reached skill level 1 in Unarmed Combat
  1015 | D:1      | Reached skill level 1 in Evocations
  1113 | D:1      | Reached ** piety under Hepliaklqana
  1116 | D:1      | Remembered your ancestor Big Brad as a knight
  1458 | D:2      | Found an opulent altar of Gozag.
  1496 | D:2      | Identified the +1 pair of gloves of the Trout {rF- Str+2
                  | Dex+3 Stlth+}
  1657 | D:2      | Reached XP level 4. HP: 32/34 MP: 11/11
  2183 | D:3      | Reached skill level 1 in Hexes
  2183 | D:3      | Reached skill level 1 in Summonings
  2183 | D:3      | Reached skill level 1 in Necromancy
  2183 | D:3      | Reached skill level 1 in Translocations
  2183 | D:3      | Reached skill level 1 in Transmutations
  2183 | D:3      | Reached skill level 1 in Fire Magic
  2183 | D:3      | Reached skill level 1 in Ice Magic
  2183 | D:3      | Reached skill level 1 in Air Magic
  2183 | D:3      | Reached skill level 1 in Earth Magic
  2183 | D:3      | Reached skill level 1 in Poison Magic
  2478 | D:3      | Learned a level 3 spell: Mephitic Cloud
  2544 | D:3      | Reached XP level 5. HP: 38/38 MP: 12/12
  2591 | D:3      | Noticed Terence
  2612 | D:3      | Killed Terence
  2697 | D:4      | Noticed a lemure
  2703 | D:4      | Noticed Pikel
  2707 | D:4      | Noticed a lemure
  2712 | D:4      | Noticed a lemure
  2713 | D:4      | Noticed a lemure
  2724 | D:3      | Slain by Pikel

Illustrated notes

Levels and vault maps discovered:
D:1:      elethiomel_arrival_infinity_welcomes_careful_drivers,
          layout_loops_ring, hellmonk_ecumenical_altar_lost_god, minmay_bisected
D:2:      layout_loops_corners, basic_altar
D:3:      layout_rooms, uniq_terence
D:4:      layout_cave_pools, uniq_pikel, uniq_edmund

Skill      XL: |  1  2  3  4 |
---------------+-------------+-----
Spellcasting   | 5 |  5.2
Invocations    | 1 |  1.7
Short Blades   | 1 |  1.5
Long Blades    | 1 |  1.5
Axes           | 1 |  1.5
Polearms       | 1 |  1.5
Staves         | 1 |  1.5
Ranged Weapons | 1 |  1.5
Throwing       | 1 |  1.5
Armour         | 1 |  1.5
Stealth        | 1 |  1.5
Shields        | 1 |  1.5
Unarmed Combat | 1 |  1.5
Evocations     | 1 |  1.5
Hexes          | 1 |  1.2
Summonings     | 1 |  1.2
Necromancy     | 1 |  1.2
Translocations | 1 |  1.2
Transmutations | 1 |  1.2
Fire Magic     | 1 |  1.2
Ice Magic      | 1 |  1.2
Air Magic      | 1 |  1.2
Earth Magic    | 1 |  1.2
Poison Magic   | 1 |  1.2
Fighting       | |  4.8
Maces & Flails | |  6.7
Dodging        | |  4.8
Conjurations   | |  5.5

Action                   |  1- 3 |  4- 6 || total
-------------------------+-------+-------++-------
Melee: Mace              |    65 |    42 ||   107
       Bite              |     4 |     6 ||    10
       Flail             |       |    16 ||    16
       Punch             |       |     1 ||     1
Throw: Dart              |       |     2 ||     2
 Cast: Kiss of Death     |     3 |       ||     3
       Momentum Strike   |    11 |     5 ||    16
       Hailstorm         |       |     2 ||     2
       Mephitic Cloud    |       |     1 ||     1
Invok: Recall Ancestor   |     2 |       ||     2
       Ancestor Life: Kn |     1 |       ||     1
       Ancestor Identity |     1 |       ||     1
  Use: Scroll            |       |     1 ||     1
       Potion            |       |     1 ||     1
 Stab: Sleeping          |     1 |     3 ||     4
       Distracted        |     1 |     1 ||     2
Armor: Leather armour    |    21 |    19 ||    40
Dodge: Dodged            |    50 |    34 ||    84

Table legend: (Time is in decaauts)
 A = Elapsed time spent in this place.
 B = Non-inter-level travel time spent in this place.
 C = Inter-level travel time spent in this place.
 D = Time resting spent in this place.
 E = Time spent auto-exploring this place.
 F = Levels seen in this place.
 G = Mean time per level.
                   A        B        C        D        E       F      G
               +--------+--------+--------+--------+--------+-----+--------+
         Total |   2729 |   2552 |    177 |    148 |   1843 |   4 |  682.2 |
       Dungeon |   2729 |   2552 |    177 |    148 |   1843 |   4 |  682.2 |
               +--------+--------+--------+--------+--------+-----+--------+

Top non-repeatable levels by time:
     D:2: 1109 daAuts
     D:1: 1073 daAuts
     D:3: 521 daAuts
     D:4: 24 daAuts
